AoeStats
← WINNER

Fortress

508891865Analyzed
4v4 RM · 9d ago on Sep 24, 2026· 39m 24s· 8 players
Game mode
Random Map
Map size
Huge
Population
200
Speed
Normal
Resources
Standard
Victory
Conquest
Starting age
Dark Age
Ending age
Imperial Age
RankedLock teamsTeams togetherTeam positionsShared explorationLock speedFull tech treeHidden civsTurbo modeCheats
Victory
Defeat
🇨🇳 Hindustanis · China
1088
+17
🇨🇳 Wu · China
1081
+17
🇨🇳 Franks · China
1066
+18
🇹🇼 Turks · Taiwan
1058
+18
🇺🇸 Japanese · United States
1161
-19
🇹🇼 Hindustanis · Taiwan
1126
-18
🇬🇧 Gurjaras · United Kingdom
1096
-17
🇫🇷 Khmer · France
1062
-16
kkols
7:35 Feudal Age
11:26 Castle Age
9:28 Double-Bit Axe
10:21 Horse Collar
11:51 Gold Mining
14:54 Red Cliffs Tactics
15:06 Fletching
18:58 Bodkin Arrow
21:52 Bow Saw
22:48 Wheelbarrow
21:41 Pikeman
22:53 Stone Mining
32:15 Imperial Age
32:21 Padded Archer Armor
33:37 Bracer
33:02 Halberdier
35:12 Conscription
37:20 Leather Archer Armor
37:31 Heated Shot
38:04 Ballistics
38:44 Chemistry
38:05 Elite Fire Archer
鋒兒
8:53 Feudal Age
10:03 Double-Bit Axe
12:35 Horse Collar
16:49 Castle Age
20:41 Imperial Age
20:05 Padded Archer Armor
19:56 Fletching
23:51 Gold Mining
26:43 Scale Barding Armor
28:57 Heavy Plow
30:47 Wheelbarrow
32:30 Bow Saw
33:36 Bloodlines
33:26 Husbandry
33:48 Chain Barding Armor
33:39 Forging
34:13 Conscription
33:58 Heavy Camel Rider
35:49 Artillery
36:40 Hand Cart
36:14 Town Watch
WINNER
7:03 Feudal Age
6:44 Loom
12:16 Castle Age
10:27 Double-Bit Axe
10:24 Horse Collar
14:30 Bow Saw
16:17 Heavy Plow
20:51 Wheelbarrow
25:58 Imperial Age
24:55 Scale Mail Armor
25:06 Forging
26:20 Chain Mail Armor
29:21 Hand Cart
29:38 Husbandry
29:49 Bloodlines
30:03 Scale Barding Armor
34:04 Heavy Camel Rider
36:44 Chain Barding Armor
37:00 Iron Casting
kktomcheung
7:45 Feudal Age
6:02 Loom
12:27 Castle Age
11:45 Double-Bit Axe
13:50 Bow Saw
20:11 Forging
20:06 Scale Barding Armor
23:03 Iron Casting
22:33 Scale Barding Armor
23:25 Scale Barding Armor
25:40 Wheelbarrow
28:21 Imperial Age
26:53 Hand Cart
27:47 Chain Barding Armor
26:54 Pikeman
28:39 Husbandry
29:20 Scale Mail Armor
28:53 Cavalier
29:34 Husbandry
31:36 Blast Furnace
31:11 Plate Barding Armor
30:51 Chain Mail Armor
31:10 Conscription
30:52 Chivalry
32:14 Gold Mining
32:47 Halberdier
33:28 Squires
33:13 Arson
35:25 Paladin
36:37 Plate Mail Armor
39:05 Fletching
39:15 Padded Archer Armor
BrianBoru
5:02 Loom
7:26 Feudal Age
11:39 Castle Age
9:37 Double-Bit Axe
11:18 Horse Collar
12:42 Bow Saw
13:47 Wheelbarrow
17:24 Heavy Plow
18:23 Elite Skirmisher
18:55 Fletching
19:07 Padded Archer Armor
21:41 Hand Cart
22:29 Bodkin Arrow
22:50 Leather Archer Armor
22:47 Yasama
22:53 Stone Mining
22:57 Gold Mining
24:43 Ballistics
25:09 Guard Tower
25:30 Thumb Ring
27:03 Gold Shaft Mining
29:06 Imperial Age
29:49 Bracer
30:12 Conscription
30:55 Chemistry
30:30 Keep
30:01 Siege Engineers
29:35 Man-at-Arms
30:01 Gambesons
30:16 Squires
30:17 Scale Mail Armor
30:28 Forging
30:35 Long Swordsman
35:39 Two-Handed Swordsman
36:55 Iron Casting
36:35 Chain Mail Armor
37:42 Two-Man Saw
37:22 Pikeman
38:21 Halberdier
SimbaLeRoiDeLaJungle
8:36 Feudal Age
7:34 Loom
13:50 Castle Age
12:09 Double-Bit Axe
16:36 Light Cavalry
17:26 Bloodlines
17:22 Fletching
19:49 Bodkin Arrow
21:17 Husbandry
William
7:26 Feudal Age
7:58 Feudal Age
8:28 Horse Collar
9:22 Double-Bit Axe
11:59 Castle Age
12:58 Wheelbarrow
12:18 Loom
13:10 Wheelbarrow
12:58 Bow Saw
13:05 Husbandry
14:07 Light Cavalry
25:51 Imperial Age
23:43 Heavy Plow
24:10 Scale Barding Armor
24:15 Forging
24:45 Forging
25:10 Bloodlines
26:00 Hand Cart
25:59 Heavy Camel Rider
28:26 Iron Casting
28:13 Chain Barding Armor
29:43 Conscription
29:34 Scale Mail Armor
29:55 Grand Trunk Road
30:04 Hussar
30:37 Elite Skirmisher
31:31 Gold Mining
35:25 Imperial Camel Rider
Des
8:12 Feudal Age
11:59 Castle Age
9:50 Double-Bit Axe
10:10 Loom
11:03 Horse Collar
11:19 Gold Mining
14:33 Bow Saw
20:42 Wheelbarrow
25:48 Imperial Age
23:52 Scale Barding Armor
23:47 Padded Archer Armor
23:58 Forging
23:52 Husbandry
25:08 Chain Barding Armor
25:37 Gold Shaft Mining
25:54 Bloodlines
26:08 Heavy Camel Rider
28:24 Fletching
28:49 Leather Archer Armor
28:04 Light Cavalry
28:16 Elite Elephant Archer
29:02 Thumb Ring
30:22 Chemistry
31:48 Hussar
36:47 Plate Barding Armor
36:47 Iron Casting
39:10 Ballistics
Connection lost

Rejoining the realm…

Still unreachable

The connection could not be restored.

Session expired

The server has moved on; the page needs a fresh start.